Golden Knights vs Capitals
Created - October 25, 2024 at 19:39
Goals
|
| Golden Knights |
1 |
0 |
0 |
1 |
| Capitals |
0 |
1 |
1 |
2 |
|
Shots
|
| Golden Knights |
15 |
8 |
5 |
28 |
| Capitals |
12 |
8 |
11 |
31 |
|
1st period
1. Golden Knights , Ryan Nugent-Hopkins 2 (Brendan Gallagher 4, Marcus Johansson 2) at 16:59 (PP)
Penalties :
Andrew Cogliano (Veg) for Interference (Minor) at 2:33, Phil Kessel (Was) for Tripping (Minor) at 16:16, Andrei Loktionov (Veg) for Slashing (Minor) at 19:04
2nd period
2. Capitals , Joe Colborne 1 (Blake Pietila 2) at 12:24
Penalties :
Brendan Gallagher (Veg) for Holding (Minor) at 3:12, Jalen Chatfield (Veg) for Holding (Minor) at 5:35, Jamie Oleksiak (Veg) for Tripping (Minor) at 13:31
3rd period
3. Capitals , Bobby Ryan 1 (Brandon Gormley 1) at 15:45 (PP)
Penalties :
Brendan Gallagher (Veg) for Diving (Minor) at 1:24, Sergey Kalinin (Was) for Tripping (Minor) at 4:20, Zach Bogosian (Veg) for Interference (Minor) at 8:40, Jalen Chatfield (Veg) for Hooking (Minor) at 11:30, Zach Hyman (Veg) for Holding (Minor) at 15:12
Goalie Stats
Laurent Brossoit (Veg), 29 saves from 31 shots - (0.935), L, 2-1-0, 59:39 minutes
Cory Schneider (Was), 27 saves from 28 shots - (0.964), W, 1-2-0, 60:00 minutes
Players Stats for Golden Knights
Player Name G A P +/- PIM S H SB GA TA FO MP PP MP PK MP
------------------------------------------------------------------------------------
Alex Tuch 0 0 0 -1 0 1 2 0 1 0 0/1 10:22 0:58 0:00
Andrei Loktionov 0 0 0 -1 2 3 1 0 0 0 11/17 16:13 0:58 5:48
Andrew Cogliano 0 0 0 0 2 1 1 0 0 0 0/0 11:23 0:00 1:01
Brendan Gallagher 0 1 1 0 4 4 1 1 0 0 1/2 14:23 1:44 0:00
Christopher Tanev 0 0 0 0 0 1 0 2 0 1 0/0 21:15 1:01 6:39
Erik Gudbranson 0 0 0 0 0 2 1 0 1 2 0/0 30:10 1:41 9:32
Frederick Gaudreau 0 0 0 0 0 0 1 1 0 0 0/2 8:14 0:00 0:00
Gabriel Bourque 0 0 0 0 0 1 1 0 1 0 0/0 8:14 0:00 0:00
Jalen Chatfield 0 0 0 -1 4 1 0 0 0 0 0/0 8:41 0:00 0:20
Jamie Oleksiak 0 0 0 -1 2 0 1 1 0 1 0/0 10:04 0:00 1:36
JT Compher 0 0 0 0 0 3 1 0 0 0 0/0 10:02 0:00 0:00
Marcus Johansson 0 1 1 0 0 2 2 0 0 0 0/0 24:34 1:44 9:40
Olli Maatta 0 0 0 0 0 1 0 2 0 0 0/0 21:09 1:01 6:33
Pierre-Edouard Bellemare 0 0 0 0 0 1 2 0 1 1 2/5 10:41 0:00 0:39
Ryan Nugent-Hopkins 1 0 1 0 0 2 1 0 0 0 23/40 24:32 1:44 9:39
Tyler Bertuzzi 0 0 0 -1 0 2 3 0 0 1 0/0 16:29 0:58 6:03
Zach Bogosian 0 0 0 0 2 1 1 1 0 0 0/0 28:47 1:41 8:10
Zach Hyman 0 0 0 0 2 2 1 0 1 1 0/0 8:13 0:00 0:00
Players Stats for Capitals
Player Name G A P +/- PIM S H SB GA TA FO MP PP MP PK MP
------------------------------------------------------------------------------------
Alexei Marchenko 0 0 0 1 0 2 1 2 0 0 0/0 20:41 6:15 1:58
Blake Pietila 0 1 1 1 0 0 1 1 2 0 0/0 17:00 6:54 0:16
Bobby Ryan 1 0 1 1 0 2 2 0 0 0 0/0 16:39 6:49 0:00
Brandon Burlon 0 0 0 0 0 0 0 0 0 0 0/0 12:53 0:00 0:00
Brandon Gormley 0 1 1 0 0 0 0 0 1 1 0/0 25:42 10:10 0:00
Cody Hodgson 0 0 0 0 0 4 0 0 1 2 1/4 11:09 0:28 0:49
Colten Teubert 0 0 0 0 0 1 3 1 1 0 0/0 13:37 0:00 0:44
Jeff Skinner 0 0 0 0 0 0 1 0 1 1 0/1 7:05 0:22 0:00
Joe Colborne 1 0 1 1 0 2 1 0 0 0 5/12 18:34 6:51 1:53
Jujhar Khaira 0 0 0 0 0 3 2 1 0 0 1/2 11:28 0:00 0:32
Mike Green 0 0 0 1 0 1 2 1 0 0 0/0 20:41 6:15 1:58
Nicklas Backstrom 0 0 0 0 0 5 1 0 0 0 17/33 22:30 9:06 0:00
Patrick Kane 0 0 0 0 0 5 2 0 0 0 1/3 25:31 9:09 1:54
Phil Kessel 0 0 0 0 2 1 1 0 0 0 0/1 10:18 0:27 0:00
Sergey Kalinin 0 0 0 0 2 1 0 0 0 1 3/6 7:46 0:00 0:00
Shea Theodore 0 0 0 0 0 1 0 1 0 0 0/0 26:26 10:10 0:44
Steve Downie 0 0 0 0 0 0 0 1 0 0 1/1 6:43 0:00 0:00
Taylor Hall 0 0 0 0 0 3 1 0 1 0 1/4 22:33 9:09 0:00
3 Stars
1 - Cory Schneider (Was)
2 - Bobby Ryan (Was)
3 - Joe Colborne (Was)
Power Play
Golden Knights - 1 on 2 Attempt(s) - 50.00%
Capitals - 1 on 9 Attempt(s) - 11.11%
Penalty Kill
Golden Knights - 8 on 9 Attempt(s) - 88.89%
- Score 0 goal in Penalty Kill
Capitals - 1 on 2 Attempt(s) - 50.00%
- Score 0 goal in Penalty Kill
Team Stat
Golden Knights - Hits : 20 - Faceoff Wins : 37 - Blocked Shots : 8 - Penalty Minutes : 18
Capitals - Hits : 18 - Faceoff Wins : 30 - Blocked Shots : 8 - Penalty Minutes : 4
Official
Referees : Furman South and Beaudry Halkidis
Linesman : Steve Barton and Shandor Alphonso
Game Notes
No Game Note
Finance
Level 1 -- Attendance: 5415 (90.25%) -- Ticket Income $541,500
Level 2 -- Attendance: 4866 (97.32%) -- Ticket Income $340,620
Level 3 -- Attendance: 1931 (96.55%) -- Ticket Income $77,240
Level 4 -- Attendance: 4000 (100.00%) -- Ticket Income $120,000
Luxury Box -- Attendance: 956 (95.60%) -- Ticket Income $191,200
Game was played at the Capital One Arena.
Total Attendance: 17168 (95.38%)
Total Ticket Income: $1,270,560
Other Income: $190,584
Total Income: $1,461,144
Golden Knights
5 vs 5 Forward
Center Left Wing Right Wing Time % Phy DF OF
1 Ryan Nugent-Hopkins Marcus Johansson Brendan Gallagher 40 1 2 2
2 Andrei Loktionov Tyler Bertuzzi Alex Tuch 30 1 2 2
3 Pierre-Edouard Bellemare Andrew Cogliano JT Compher 20 1 2 2
4 Frederick Gaudreau Gabriel Bourque Zach Hyman 10 1 2 2
5 vs 5 Defense
Defense Defense Time % Phy DF OF
1 Erik Gudbranson Zach Bogosian 40 1 2 2
2 Olli Maatta Christopher Tanev 30 1 2 2
3 Jamie Oleksiak Jalen Chatfield 20 1 2 2
4 Erik Gudbranson Zach Bogosian 10 1 2 2
PowerPlay Forward
Center Left Wing Right Wing Time % Phy DF OF
1 Ryan Nugent-Hopkins Marcus Johansson Brendan Gallagher 60 1 2 2
2 Andrei Loktionov Tyler Bertuzzi Alex Tuch 40 1 2 2
PowerPlay Defense
Defense Defense Time % Phy DF OF
1 Erik Gudbranson Zach Bogosian 60 1 2 2
2 Olli Maatta Christopher Tanev 40 1 2 2
Penalty Kill 4 Players Forward
Center Wing Time % Phy DF OF
1 Ryan Nugent-Hopkins Marcus Johansson 60 1 2 2
2 Andrei Loktionov Tyler Bertuzzi 40 1 2 2
Penalty Kill 4 Players Defense
Defense Defense Time % Phy DF OF
1 Erik Gudbranson Zach Bogosian 60 1 2 2
2 Olli Maatta Christopher Tanev 40 1 2 2
Penalty Kill - 3 Players Forward
Forward Time % Phy DF OF
1 Ryan Nugent-Hopkins 60 1 2 2
2 Andrei Loktionov 40 1 2 2
Penalty Kill - 3 Players Defense
Defense Defense Time % Phy DF OF
1 Erik Gudbranson Zach Bogosian 60 1 2 2
2 Olli Maatta Christopher Tanev 40 1 2 2
4 vs 4 Forward
Center Wing Time % Phy DF OF
1 Ryan Nugent-Hopkins Marcus Johansson 60 1 2 2
2 Andrei Loktionov Tyler Bertuzzi 40 1 3 1
4 vs 4 Defense
Defense Defense Time % Phy DF OF
1 Erik Gudbranson Zach Bogosian 60 1 2 2
2 Olli Maatta Christopher Tanev 40 1 3 1
Last Minutes Offensive
Center Left Wing Right Wing Defense Defense
Ryan Nugent-Hopkins Marcus Johansson Brendan Gallagher Erik Gudbranson Zach Bogosian
Last Minutes Defensive
Center Left Wing Right Wing Defense Defense
Ryan Nugent-Hopkins Marcus Johansson Brendan Gallagher Erik Gudbranson Zach Bogosian
Goaltenders
Starting : Laurent Brossoit
Backup : Ebbe Siönäs
Extra Forwards
Normal : Tyler Bertuzzi, Pierre-Edouard Bellemare, Alex Tuch - PP : Tyler Bertuzzi, Pierre-Edouard Bellemare - PK : Tyler Bertuzzi
Extra Defensemen
Normal : Christopher Tanev, Jamie Oleksiak, Jalen Chatfield - PP : Christopher Tanev - PK : Christopher Tanev, Jamie Oleksiak
Penalty Shots
Brendan Gallagher, Ryan Nugent-Hopkins, Andrei Loktionov, Marcus Johansson, Tyler Bertuzzi
Custom OT Lines Forwards
Brendan Gallagher, Ryan Nugent-Hopkins, Andrei Loktionov, Marcus Johansson, Tyler Bertuzzi, Pierre-Edouard Bellemare, Alex Tuch, JT Compher, Zach Hyman, Andrew Cogliano
Custom OT Lines Defensemen
Erik Gudbranson, Zach Bogosian, Olli Maatta, Christopher Tanev, Jamie Oleksiak
Scratches
Anton Lindholm (Sore Left Knee Injury)
Capitals
5 vs 5 Forward
Center Left Wing Right Wing Time % Phy DF OF
1 Nicklas Backstrom Taylor Hall Patrick Kane 40 0 1 4
2 Joe Colborne Blake Pietila Bobby Ryan 30 0 1 4
3 Cody Hodgson Jujhar Khaira Phil Kessel 20 0 2 3
4 Sergey Kalinin Jeff Skinner Steve Downie 10 0 2 3
5 vs 5 Defense
Defense Defense Time % Phy DF OF
1 Brandon Gormley Shea Theodore 35 0 3 2
2 Mike Green Alexei Marchenko 30 0 3 2
3 Brandon Burlon Colten Teubert 25 0 4 1
4 Brandon Gormley Shea Theodore 10 0 3 2
PowerPlay Forward
Center Left Wing Right Wing Time % Phy DF OF
1 Nicklas Backstrom Taylor Hall Patrick Kane 60 0 0 5
2 Joe Colborne Blake Pietila Bobby Ryan 40 0 0 5
PowerPlay Defense
Defense Defense Time % Phy DF OF
1 Brandon Gormley Shea Theodore 60 0 2 3
2 Mike Green Alexei Marchenko 40 0 2 3
Penalty Kill 4 Players Forward
Center Wing Time % Phy DF OF
1 Joe Colborne Patrick Kane 60 0 4 1
2 Sergey Kalinin Jujhar Khaira 40 0 4 1
Penalty Kill 4 Players Defense
Defense Defense Time % Phy DF OF
1 Alexei Marchenko Mike Green 60 0 4 1
2 Shea Theodore Colten Teubert 40 0 4 1
Penalty Kill - 3 Players Forward
Forward Time % Phy DF OF
1 Taylor Hall 60 0 5 0
2 Sergey Kalinin 40 0 5 0
Penalty Kill - 3 Players Defense
Defense Defense Time % Phy DF OF
1 Alexei Marchenko Mike Green 60 0 5 0
2 Shea Theodore Colten Teubert 40 0 5 0
4 vs 4 Forward
Center Wing Time % Phy DF OF
1 Nicklas Backstrom Patrick Kane 60 0 1 4
2 Joe Colborne Taylor Hall 40 0 1 4
4 vs 4 Defense
Defense Defense Time % Phy DF OF
1 Brandon Gormley Shea Theodore 60 0 3 2
2 Alexei Marchenko Mike Green 40 0 3 2
Last Minutes Offensive
Center Left Wing Right Wing Defense Defense
Nicklas Backstrom Taylor Hall Patrick Kane Shea Theodore Brandon Gormley
Last Minutes Defensive
Center Left Wing Right Wing Defense Defense
Sergey Kalinin Jujhar Khaira Patrick Kane Alexei Marchenko Mike Green
Goaltenders
Starting : Cory Schneider
Backup : Chet Pickard
Extra Forwards
Normal : Patrick Kane, Taylor Hall, Blake Pietila - PP : Taylor Hall, Blake Pietila - PK : Patrick Kane
Extra Defensemen
Normal : Brandon Gormley, Shea Theodore, Mike Green - PP : Shea Theodore - PK : Alexei Marchenko, Mike Green
Penalty Shots
Patrick Kane, Steve Downie, Cody Hodgson, Jeff Skinner, Taylor Hall
Custom OT Lines Forwards
Taylor Hall, Patrick Kane, Nicklas Backstrom, Bobby Ryan, Joe Colborne, Cody Hodgson, Blake Pietila, Jujhar Khaira, Phil Kessel, Jeff Skinner
Custom OT Lines Defensemen
Brandon Gormley, Shea Theodore, Mike Green, Alexei Marchenko, Colten Teubert
Scratches
None
% Time on Ice - Golden Knights
Lines # - Real PCT - Wanted PCT - Time Play
Normal Forward
1 - 30% - 40% - 12:07
2 - 24% - 30% - 9:27
3 - 25% - 20% - 10:02
4 - 21% - 10% - 8:14
Normal Defense
1 - 42% - 40% - 16:53
2 - 33% - 30% - 13:18
3 - 21% - 20% - 8:21
4 - 3% - 10% - 1:18
PP Forward
1 - 64% - 60% - 1:44
2 - 36% - 40% - 0:58
PP Defense
1 - 62% - 60% - 1:41
2 - 38% - 40% - 1:01
PK Forward
1 - 65% - 60% - 10:41
2 - 35% - 40% - 5:44
PK Defense
1 - 60% - 60% - 9:52
2 - 40% - 40% - 6:33
PK3 Forward
1 - 0% - 60%
2 - 0% - 40%
PK3 Defense
1 - 0% - 60%
2 - 0% - 40%
44 Forward
1 - 0% - 60%
2 - 0% - 40%
44 Defense
1 - 0% - 60%
2 - 0% - 40%
Last Minute Offensive - 1:03
Last Minute Defensive - 0:00
Total
Forward - 60:00
Defense - 60:00
|
% Time on Ice - Capitals
Lines # - Real PCT - Wanted PCT - Time Play
Normal Forward
1 - 34% - 40% - 13:24
2 - 25% - 30% - 9:50
3 - 25% - 20% - 9:52
4 - 17% - 10% - 6:43
Normal Defense
1 - 36% - 35% - 14:11
2 - 29% - 30% - 11:24
3 - 32% - 25% - 12:53
4 - 3% - 10% - 1:21
PP Forward
1 - 58% - 60% - 9:27
2 - 42% - 40% - 6:58
PP Defense
1 - 62% - 60% - 10:10
2 - 38% - 40% - 6:15
PK Forward
1 - 80% - 60% - 2:10
2 - 20% - 40% - 0:32
PK Defense
1 - 73% - 60% - 1:58
2 - 27% - 40% - 0:44
PK3 Forward
1 - 0% - 60%
2 - 0% - 40%
PK3 Defense
1 - 0% - 60%
2 - 0% - 40%
44 Forward
1 - 0% - 60%
2 - 0% - 40%
44 Defense
1 - 0% - 60%
2 - 0% - 40%
Last Minute Offensive - 0:00
Last Minute Defensive - 1:04
Total
Forward - 60:00
Defense - 60:00
|
Play-by-Play
1st period
0:01 of 1st period - Ryan Nugent-Hopkins wins face-off versus Nicklas Backstrom in neutral zone.
0:12 of 1st period - Wrist shot by Nicklas Backstrom.
0:12 of 1st period - Stopped by Laurent Brossoit without a rebound.
0:13 of 1st period - Andrei Loktionov wins face-off versus Joe Colborne in Golden Knights zone.
0:13 of 1st period - Andrei Loktionov is hit by Blake Pietila.
0:19 of 1st period - Snap shot by Tyler Bertuzzi.
0:19 of 1st period - Stopped by Cory Schneider with a rebound.
0:21 of 1st period - Snap shot by Tyler Bertuzzi.
0:21 of 1st period - Shot Blocked by Alexei Marchenko.
1:30 of 1st period - Snap shot by Sergey Kalinin.
1:30 of 1st period - Shot Blocked by Frederick Gaudreau.
1:32 of 1st period - Slapshot by Colten Teubert.
1:32 of 1st period - Stopped by Laurent Brossoit with a rebound.
1:34 of 1st period - Slapshot by Brandon Burlon.
1:34 of 1st period - Deflect By Steve Downie.
1:34 of 1st period - Shot Misses the Net.
1:34 of 1st period - Puck is out of play.
1:35 of 1st period - Andrei Loktionov wins face-off versus Joe Colborne in Golden Knights zone.
1:40 of 1st period - Snap shot by Alex Tuch.
1:40 of 1st period - Shot Misses the Net.
1:42 of 1st period - Slapshot by Christopher Tanev.
1:42 of 1st period - Stopped by Cory Schneider without a rebound.
1:43 of 1st period - Joe Colborne wins face-off versus Andrei Loktionov in Capitals zone.
1:52 of 1st period - Snap shot by Blake Pietila.
1:52 of 1st period - Deflect By Bobby Ryan.
1:52 of 1st period - Stopped by Laurent Brossoit without a rebound.
1:53 of 1st period - Ryan Nugent-Hopkins wins face-off versus Nicklas Backstrom in Golden Knights zone.
2:33 of 1st period - Minor Penalty to Andrew Cogliano for Interference.
2:34 of 1st period - Ryan Nugent-Hopkins wins face-off versus Nicklas Backstrom in Golden Knights zone.
2:44 of 1st period - Snap shot by Nicklas Backstrom.
2:44 of 1st period - Stopped by Laurent Brossoit without a rebound.
2:45 of 1st period - Ryan Nugent-Hopkins wins face-off versus Nicklas Backstrom in Golden Knights zone.
3:22 of 1st period - Wrist shot by Joe Colborne.
3:22 of 1st period - Shot Misses the Net.
3:24 of 1st period - Slapshot by Shea Theodore.
3:24 of 1st period - Shot Blocked by Christopher Tanev.
3:26 of 1st period - Wrist shot by Bobby Ryan.
3:26 of 1st period - Deflect By Joe Colborne.
3:26 of 1st period - Shot Misses the Net.
3:26 of 1st period - Puck is out of play.
3:27 of 1st period - Joe Colborne wins face-off versus Andrei Loktionov in Golden Knights zone.
3:38 of 1st period - Erik Gudbranson is hit by Joe Colborne and loses puck.
4:06 of 1st period - Snap shot by Patrick Kane.
4:06 of 1st period - Shot Misses the Net.
4:08 of 1st period - Slapshot by Mike Green.
4:08 of 1st period - Stopped by Laurent Brossoit without a rebound.
4:09 of 1st period - Ryan Nugent-Hopkins wins face-off versus Taylor Hall in Golden Knights zone.
4:33 of 1st period - Penalty to Andrew Cogliano is over, Andrew Cogliano is back on ice.
4:47 of 1st period - Snap shot by Ryan Nugent-Hopkins.
4:47 of 1st period - Shot Misses the Net.
4:53 of 1st period - Snap shot by Ryan Nugent-Hopkins.
4:53 of 1st period - Deflect By Marcus Johansson.
4:53 of 1st period - Stopped by Cory Schneider without a rebound.
4:54 of 1st period - Andrei Loktionov wins face-off versus Nicklas Backstrom in Capitals zone.
4:59 of 1st period - Snap shot by Tyler Bertuzzi.
4:59 of 1st period - Deflect By Andrei Loktionov.
4:59 of 1st period - Stopped by Cory Schneider with a rebound.
5:05 of 1st period - Slapshot by Andrei Loktionov.
5:05 of 1st period - Shot Blocked by Shea Theodore.
5:25 of 1st period - Andrew Cogliano is hit by Jujhar Khaira and loses puck.
5:46 of 1st period - Wrist shot by Sergey Kalinin.
5:46 of 1st period - Stopped by Laurent Brossoit without a rebound.
5:47 of 1st period - Steve Downie wins face-off versus Ryan Nugent-Hopkins in Golden Knights zone.
5:50 of 1st period - Wrist shot by Jeff Skinner.
5:50 of 1st period - Shot Misses the Net.
6:18 of 1st period - Wrist shot by Andrei Loktionov.
6:18 of 1st period - Shot Blocked by Alexei Marchenko.
6:20 of 1st period - Snap shot by Andrei Loktionov.
6:20 of 1st period - Shot Misses the Net.
6:22 of 1st period - Slapshot by Jalen Chatfield.
6:22 of 1st period - Shot Misses the Net.
6:24 of 1st period - Backhand shot by Andrei Loktionov.
6:24 of 1st period - Shot Misses the Net.
7:12 of 1st period - Wrist shot by JT Compher.
7:12 of 1st period - Stopped by Cory Schneider without a rebound.
7:13 of 1st period - Ryan Nugent-Hopkins wins face-off versus Nicklas Backstrom in Capitals zone.
7:24 of 1st period - Snap shot by Brendan Gallagher.
7:24 of 1st period - Stopped by Cory Schneider without a rebound.
7:25 of 1st period - Nicklas Backstrom wins face-off versus Ryan Nugent-Hopkins in Capitals zone.
7:25 of 1st period - Nicklas Backstrom is hit by Ryan Nugent-Hopkins.
8:50 of 1st period - Icing by Zach Hyman.
8:51 of 1st period - Sergey Kalinin wins face-off versus Frederick Gaudreau in Golden Knights zone.
8:54 of 1st period - Slapshot by Blake Pietila.
8:54 of 1st period - Shot Blocked by Zach Bogosian.
9:04 of 1st period - Snap shot by Zach Hyman.
9:04 of 1st period - Stopped by Cory Schneider with a rebound.
9:06 of 1st period - Slapshot by Zach Hyman.
9:06 of 1st period - Shot Misses the Net.
9:16 of 1st period - Slapshot by Gabriel Bourque.
9:16 of 1st period - Shot Misses the Net.
9:18 of 1st period - Wrist shot by Gabriel Bourque.
9:18 of 1st period - Stopped by Cory Schneider without a rebound.
9:19 of 1st period - Nicklas Backstrom wins face-off versus Ryan Nugent-Hopkins in Capitals zone.
10:37 of 1st period - Jalen Chatfield is hit by Bobby Ryan and loses puck.
10:46 of 1st period - Wrist shot by Joe Colborne.
10:46 of 1st period - Stopped by Laurent Brossoit with a rebound.
10:58 of 1st period - Mike Green is hit by Marcus Johansson and loses puck.
11:27 of 1st period - Snap shot by Tyler Bertuzzi.
11:27 of 1st period - Shot Blocked by Jujhar Khaira.
11:55 of 1st period - Wrist shot by Andrew Cogliano.
11:55 of 1st period - Stopped by Cory Schneider with a rebound.
12:46 of 1st period - Wrist shot by Cody Hodgson.
12:46 of 1st period - Stopped by Laurent Brossoit with a rebound.
13:28 of 1st period - Icing by Shea Theodore.
13:29 of 1st period - Andrei Loktionov wins face-off versus Nicklas Backstrom in Capitals zone.
13:34 of 1st period - Snap shot by Alex Tuch.
13:34 of 1st period - Stopped by Cory Schneider with a rebound.
14:21 of 1st period - Slapshot by Patrick Kane.
14:21 of 1st period - Stopped by Laurent Brossoit without a rebound.
14:22 of 1st period - Ryan Nugent-Hopkins wins face-off versus Joe Colborne in Golden Knights zone.
14:35 of 1st period - Snap shot by Ryan Nugent-Hopkins.
14:35 of 1st period - Shot Misses the Net.
15:14 of 1st period - Jalen Chatfield is hit by Colten Teubert and loses puck.
15:27 of 1st period - Jamie Oleksiak is hit by Jeff Skinner and loses puck.
16:02 of 1st period - Mike Green is hit by Alex Tuch and loses puck.
16:11 of 1st period - Slapshot by Andrei Loktionov.
16:11 of 1st period - Stopped by Cory Schneider without a rebound.
16:12 of 1st period - Ryan Nugent-Hopkins wins face-off versus Cody Hodgson in Capitals zone.
16:16 of 1st period - Minor Penalty to Phil Kessel for Tripping.
16:17 of 1st period - Ryan Nugent-Hopkins wins face-off versus Joe Colborne in Capitals zone.
16:19 of 1st period - Snap shot by Brendan Gallagher.
16:19 of 1st period - Stopped by Cory Schneider with a rebound.
16:21 of 1st period - Wrist shot by Brendan Gallagher.
16:21 of 1st period - Stopped by Cory Schneider with a rebound.
16:23 of 1st period - Slapshot by Erik Gudbranson.
16:23 of 1st period - Stopped by Cory Schneider without a rebound.
16:24 of 1st period - Ryan Nugent-Hopkins wins face-off versus Patrick Kane in Capitals zone.
16:59 of 1st period - Slapshot by Ryan Nugent-Hopkins.
16:59 of 1st period - Goal by Ryan Nugent-Hopkins - Golden Knights : 1 - Capitals : 0.
17:00 of 1st period - Andrei Loktionov wins face-off versus Nicklas Backstrom in neutral zone.
17:10 of 1st period - Off-side.
17:11 of 1st period - Nicklas Backstrom wins face-off versus Ryan Nugent-Hopkins in neutral zone.
17:47 of 1st period - Snap shot by Tyler Bertuzzi.
17:47 of 1st period - Deflect By Alex Tuch.
17:47 of 1st period - Shot Misses the Net.
17:47 of 1st period - Puck is out of play.
17:48 of 1st period - Nicklas Backstrom wins face-off versus Ryan Nugent-Hopkins in Capitals zone.
18:15 of 1st period - Wrist shot by Jujhar Khaira.
18:15 of 1st period - Deflect By Cody Hodgson.
18:15 of 1st period - Stopped by Laurent Brossoit without a rebound.
18:16 of 1st period - Andrei Loktionov wins face-off versus Jujhar Khaira in Golden Knights zone.
18:27 of 1st period - Wrist shot by Cody Hodgson.
18:27 of 1st period - Stopped by Laurent Brossoit without a rebound.
18:28 of 1st period - Ryan Nugent-Hopkins wins face-off versus Nicklas Backstrom in Golden Knights zone.
18:57 of 1st period - Snap shot by Alexei Marchenko.
18:57 of 1st period - Stopped by Laurent Brossoit without a rebound.
18:58 of 1st period - Joe Colborne wins face-off versus Alex Tuch in Golden Knights zone.
19:04 of 1st period - Minor Penalty to Andrei Loktionov for Slashing.
19:05 of 1st period - Ryan Nugent-Hopkins wins face-off versus Taylor Hall in Golden Knights zone.
19:23 of 1st period - Erik Gudbranson is hit by Patrick Kane and loses puck.
Goals for this period are 1 for Golden Knights vs 0 for Capitals.
Shots for this period are 15 for Golden Knights vs 12 for Capitals.
2nd period
0:01 of 2nd period - Nicklas Backstrom wins face-off versus Ryan Nugent-Hopkins in neutral zone.
1:04 of 2nd period - Penalty to Andrei Loktionov is over, Andrei Loktionov is back on ice.
1:10 of 2nd period - Colten Teubert is hit by Frederick Gaudreau and loses puck.
2:34 of 2nd period - Wrist shot by Cody Hodgson.
2:34 of 2nd period - Shot Blocked by Christopher Tanev.
2:44 of 2nd period - Gabriel Bourque is hit by Colten Teubert and loses puck.
2:58 of 2nd period - Wrist shot by Zach Hyman.
2:58 of 2nd period - Stopped by Cory Schneider without a rebound.
2:59 of 2nd period - Nicklas Backstrom wins face-off versus Ryan Nugent-Hopkins in Capitals zone.
2:59 of 2nd period - Nicklas Backstrom is hit by Brendan Gallagher.
3:12 of 2nd period - Minor Penalty to Brendan Gallagher for Holding.
3:13 of 2nd period - Nicklas Backstrom wins face-off versus Ryan Nugent-Hopkins in Golden Knights zone.
3:43 of 2nd period - Slapshot by Shea Theodore.
3:43 of 2nd period - Stopped by Laurent Brossoit with a rebound.
5:12 of 2nd period - Penalty to Brendan Gallagher is over, Brendan Gallagher is back on ice.
5:20 of 2nd period - Snap shot by Andrew Cogliano.
5:20 of 2nd period - Shot Blocked by Steve Downie.
5:22 of 2nd period - Wrist shot by Andrew Cogliano.
5:22 of 2nd period - Deflect By Jeff Skinner.
5:22 of 2nd period - Shot Hit the Post.
5:22 of 2nd period - Puck is out of play.
5:23 of 2nd period - Sergey Kalinin wins face-off versus Pierre-Edouard Bellemare in Capitals zone.
5:35 of 2nd period - Minor Penalty to Jalen Chatfield for Holding.
5:36 of 2nd period - Nicklas Backstrom wins face-off versus Ryan Nugent-Hopkins in Golden Knights zone.
5:48 of 2nd period - Slapshot by Patrick Kane.
5:48 of 2nd period - Shot Hit the Post.
5:50 of 2nd period - Wrist shot by Brandon Gormley.
5:50 of 2nd period - Deflect By Taylor Hall.
5:50 of 2nd period - Stopped by Laurent Brossoit without a rebound.
5:51 of 2nd period - Nicklas Backstrom wins face-off versus Ryan Nugent-Hopkins in Golden Knights zone.
7:35 of 2nd period - Penalty to Jalen Chatfield is over, Jalen Chatfield is back on ice.
7:49 of 2nd period - Snap shot by JT Compher.
7:49 of 2nd period - Stopped by Cory Schneider with a rebound.
7:51 of 2nd period - Snap shot by Pierre-Edouard Bellemare.
7:51 of 2nd period - Stopped by Cory Schneider with a rebound.
9:54 of 2nd period - Bobby Ryan is hit by Tyler Bertuzzi.
9:58 of 2nd period - Brandon Burlon is hit by Tyler Bertuzzi and loses puck.
10:09 of 2nd period - Jamie Oleksiak is hit by Taylor Hall and loses puck.
10:22 of 2nd period - Slapshot by Shea Theodore.
10:22 of 2nd period - Shot Misses the Net.
10:24 of 2nd period - Snap shot by Steve Downie.
10:24 of 2nd period - Shot Blocked by Jamie Oleksiak.
11:01 of 2nd period - Wrist shot by Nicklas Backstrom.
11:01 of 2nd period - Stopped by Laurent Brossoit with a rebound.
12:20 of 2nd period - Wrist shot by Phil Kessel.
12:20 of 2nd period - Stopped by Laurent Brossoit without a rebound.
12:21 of 2nd period - Joe Colborne wins face-off versus Andrei Loktionov in Golden Knights zone.
12:24 of 2nd period - Wrist shot by Joe Colborne.
12:24 of 2nd period - Goal by Joe Colborne - Golden Knights : 1 - Capitals : 1.
12:25 of 2nd period - Nicklas Backstrom wins face-off versus Ryan Nugent-Hopkins in neutral zone.
12:52 of 2nd period - Blake Pietila is hit by Alex Tuch and loses puck.
13:23 of 2nd period - Slapshot by Cody Hodgson.
13:23 of 2nd period - Shot Misses the Net.
13:25 of 2nd period - Wrist shot by Jujhar Khaira.
13:25 of 2nd period - Stopped by Laurent Brossoit with a rebound.
13:31 of 2nd period - Minor Penalty to Jamie Oleksiak for Tripping.
13:32 of 2nd period - Nicklas Backstrom wins face-off versus Ryan Nugent-Hopkins in Golden Knights zone.
14:38 of 2nd period - Andrei Loktionov is hit by Patrick Kane.
15:01 of 2nd period - Bobby Ryan is hit by Zach Bogosian and loses puck.
15:31 of 2nd period - Penalty to Jamie Oleksiak is over, Jamie Oleksiak is back on ice.
15:50 of 2nd period - Off-side.
15:51 of 2nd period - Andrei Loktionov wins face-off versus Jeff Skinner in neutral zone.
15:54 of 2nd period - Jeff Skinner is hit by Jamie Oleksiak and loses puck.
16:15 of 2nd period - Jeff Skinner is hit by Zach Hyman and loses puck.
16:52 of 2nd period - Snap shot by Nicklas Backstrom.
16:52 of 2nd period - Deflect By Taylor Hall.
16:52 of 2nd period - Stopped by Laurent Brossoit with a rebound.
17:24 of 2nd period - Christopher Tanev is hit by Colten Teubert and loses puck.
17:31 of 2nd period - Snap shot by Olli Maatta.
17:31 of 2nd period - Shot Blocked by Colten Teubert.
17:33 of 2nd period - Slapshot by Olli Maatta.
17:33 of 2nd period - Stopped by Cory Schneider without a rebound.
17:34 of 2nd period - Ryan Nugent-Hopkins wins face-off versus Nicklas Backstrom in Capitals zone.
17:35 of 2nd period - Wrist shot by Marcus Johansson.
17:35 of 2nd period - Stopped by Cory Schneider with a rebound.
18:06 of 2nd period - Wrist shot by Tyler Bertuzzi.
18:06 of 2nd period - Deflect By Andrei Loktionov.
18:06 of 2nd period - Stopped by Cory Schneider without a rebound.
18:07 of 2nd period - Joe Colborne wins face-off versus Andrei Loktionov in Capitals zone.
18:56 of 2nd period - Wrist shot by JT Compher.
18:56 of 2nd period - Stopped by Cory Schneider without a rebound.
18:57 of 2nd period - Jujhar Khaira wins face-off versus Pierre-Edouard Bellemare in Capitals zone.
19:05 of 2nd period - Off-side.
19:06 of 2nd period - Brendan Gallagher wins face-off versus Nicklas Backstrom in neutral zone.
19:15 of 2nd period - Snap shot by Brendan Gallagher.
19:15 of 2nd period - Stopped by Cory Schneider without a rebound.
19:16 of 2nd period - Nicklas Backstrom wins face-off versus Ryan Nugent-Hopkins in Capitals zone.
19:23 of 2nd period - Marcus Johansson is hit by Alexei Marchenko and loses puck.
19:50 of 2nd period - Snap shot by Nicklas Backstrom.
19:50 of 2nd period - Stopped by Laurent Brossoit without a rebound.
19:51 of 2nd period - Andrei Loktionov wins face-off versus Joe Colborne in Golden Knights zone.
Goals for this period are 0 for Golden Knights vs 1 for Capitals.
Shots for this period are 8 for Golden Knights vs 8 for Capitals.
3rd period
0:01 of 3rd period - Ryan Nugent-Hopkins wins face-off versus Nicklas Backstrom in neutral zone.
0:38 of 3rd period - Snap shot by Zach Bogosian.
0:38 of 3rd period - Shot Misses the Net.
0:40 of 3rd period - Slapshot by Tyler Bertuzzi.
0:40 of 3rd period - Stopped by Cory Schneider with a rebound.
1:00 of 3rd period - Wrist shot by Jujhar Khaira.
1:00 of 3rd period - Stopped by Laurent Brossoit without a rebound.
1:01 of 3rd period - Ryan Nugent-Hopkins wins face-off versus Nicklas Backstrom in Golden Knights zone.
1:18 of 3rd period - Slapshot by Nicklas Backstrom.
1:18 of 3rd period - Stopped by Laurent Brossoit with a rebound.
1:24 of 3rd period - Minor Penalty to Brendan Gallagher for Diving.
1:25 of 3rd period - Ryan Nugent-Hopkins wins face-off versus Nicklas Backstrom in Golden Knights zone.
2:24 of 3rd period - Slapshot by Andrei Loktionov.
2:24 of 3rd period - Deflect By Tyler Bertuzzi.
2:24 of 3rd period - Shot Misses the Net.
2:24 of 3rd period - Puck is out of play.
2:25 of 3rd period - Nicklas Backstrom wins face-off versus Andrei Loktionov in Capitals zone.
3:18 of 3rd period - Andrei Loktionov is hit by Bobby Ryan and loses puck.
3:24 of 3rd period - Penalty to Brendan Gallagher is over, Brendan Gallagher is back on ice.
4:20 of 3rd period - Minor Penalty to Sergey Kalinin for Tripping.
4:21 of 3rd period - Patrick Kane wins face-off versus Brendan Gallagher in Capitals zone.
4:21 of 3rd period - Patrick Kane is hit by Marcus Johansson.
4:47 of 3rd period - Mike Green is hit by Tyler Bertuzzi and loses puck.
4:52 of 3rd period - Slapshot by Zach Bogosian.
4:52 of 3rd period - Deflect By Andrei Loktionov.
4:52 of 3rd period - Shot Blocked by Mike Green.
4:52 of 3rd period - Puck is out of play.
4:53 of 3rd period - Andrei Loktionov wins face-off versus Joe Colborne in Capitals zone.
6:20 of 3rd period - Penalty to Sergey Kalinin is over, Sergey Kalinin is back on ice.
7:19 of 3rd period - Slapshot by Jalen Chatfield.
7:19 of 3rd period - Stopped by Cory Schneider with a rebound.
7:24 of 3rd period - Off-side.
7:25 of 3rd period - Andrei Loktionov wins face-off versus Sergey Kalinin in neutral zone.
7:37 of 3rd period - Snap shot by Steve Downie.
7:37 of 3rd period - Shot Blocked by Olli Maatta.
7:49 of 3rd period - Joe Colborne is hit by Pierre-Edouard Bellemare and loses puck.
8:00 of 3rd period - Slapshot by Olli Maatta.
8:00 of 3rd period - Shot Misses the Net.
8:02 of 3rd period - Slapshot by Pierre-Edouard Bellemare.
8:02 of 3rd period - Shot Blocked by Blake Pietila.
8:22 of 3rd period - Wrist shot by Ryan Nugent-Hopkins.
8:22 of 3rd period - Stopped by Cory Schneider without a rebound.
8:23 of 3rd period - Taylor Hall wins face-off versus Andrei Loktionov in Capitals zone.
8:28 of 3rd period - Alex Tuch is hit by Mike Green and loses puck.
8:40 of 3rd period - Minor Penalty to Zach Bogosian for Interference.
8:41 of 3rd period - Nicklas Backstrom wins face-off versus Ryan Nugent-Hopkins in Golden Knights zone.
8:45 of 3rd period - Wrist shot by Patrick Kane.
8:45 of 3rd period - Shot Misses the Net.
8:47 of 3rd period - Snap shot by Patrick Kane.
8:47 of 3rd period - Stopped by Laurent Brossoit without a rebound.
8:48 of 3rd period - Ryan Nugent-Hopkins wins face-off versus Nicklas Backstrom in Golden Knights zone.
9:33 of 3rd period - Snap shot by Patrick Kane.
9:33 of 3rd period - Shot Misses the Net.
9:35 of 3rd period - Wrist shot by Nicklas Backstrom.
9:35 of 3rd period - Shot Misses the Net.
9:37 of 3rd period - Wrist shot by Patrick Kane.
9:37 of 3rd period - Shot Misses the Net.
9:39 of 3rd period - Slapshot by Shea Theodore.
9:39 of 3rd period - Deflect By Taylor Hall.
9:39 of 3rd period - Stopped by Laurent Brossoit without a rebound.
9:40 of 3rd period - Ryan Nugent-Hopkins wins face-off versus Joe Colborne in Golden Knights zone.
10:40 of 3rd period - Penalty to Zach Bogosian is over, Zach Bogosian is back on ice.
10:51 of 3rd period - Bobby Ryan is hit by Erik Gudbranson and loses puck.
11:10 of 3rd period - Blake Pietila is hit by JT Compher and loses puck.
11:30 of 3rd period - Minor Penalty to Jalen Chatfield for Hooking.
11:31 of 3rd period - Nicklas Backstrom wins face-off versus Ryan Nugent-Hopkins in Golden Knights zone.
12:22 of 3rd period - Snap shot by Jeff Skinner.
12:22 of 3rd period - Deflect By Olli Maatta.
12:22 of 3rd period - Shot Misses the Net.
12:22 of 3rd period - Puck is out of play.
12:23 of 3rd period - Ryan Nugent-Hopkins wins face-off versus Nicklas Backstrom in Golden Knights zone.
13:30 of 3rd period - Penalty to Jalen Chatfield is over, Jalen Chatfield is back on ice.
13:34 of 3rd period - Jeff Skinner is hit by Pierre-Edouard Bellemare and loses puck.
13:41 of 3rd period - Slapshot by JT Compher.
13:41 of 3rd period - Shot Misses the Net.
13:43 of 3rd period - Slapshot by Zach Bogosian.
13:43 of 3rd period - Stopped by Cory Schneider without a rebound.
13:44 of 3rd period - Andrei Loktionov wins face-off versus Cody Hodgson in Capitals zone.
13:49 of 3rd period - Jujhar Khaira is hit by Andrei Loktionov.
14:10 of 3rd period - Colten Teubert is hit by Andrew Cogliano and loses puck.
14:49 of 3rd period - Slapshot by Erik Gudbranson.
14:49 of 3rd period - Stopped by Cory Schneider without a rebound.
14:50 of 3rd period - Nicklas Backstrom wins face-off versus Frederick Gaudreau in Capitals zone.
14:50 of 3rd period - Nicklas Backstrom is hit by Gabriel Bourque.
15:12 of 3rd period - Minor Penalty to Zach Hyman for Holding.
15:13 of 3rd period - Nicklas Backstrom wins face-off versus Ryan Nugent-Hopkins in Golden Knights zone.
15:24 of 3rd period - Snap shot by Patrick Kane.
15:24 of 3rd period - Shot Blocked by Olli Maatta.
15:45 of 3rd period - Snap shot by Bobby Ryan.
15:45 of 3rd period - Goal by Bobby Ryan - Golden Knights : 1 - Capitals : 2.
15:46 of 3rd period - Cody Hodgson wins face-off versus Pierre-Edouard Bellemare in neutral zone.
15:49 of 3rd period - Snap shot by Cody Hodgson.
15:49 of 3rd period - Stopped by Laurent Brossoit without a rebound.
15:50 of 3rd period - Pierre-Edouard Bellemare wins face-off versus Cody Hodgson in Golden Knights zone.
15:50 of 3rd period - Pierre-Edouard Bellemare is hit by Mike Green.
17:08 of 3rd period - Wrist shot by Jeff Skinner.
17:08 of 3rd period - Shot Hit the Post.
17:32 of 3rd period - Wrist shot by JT Compher.
17:32 of 3rd period - Shot Misses the Net.
17:37 of 3rd period - Off-side.
17:38 of 3rd period - Ryan Nugent-Hopkins wins face-off versus Patrick Kane in neutral zone.
17:42 of 3rd period - Off-side.
17:43 of 3rd period - Ryan Nugent-Hopkins wins face-off versus Taylor Hall in neutral zone.
18:00 of 3rd period - Ryan Nugent-Hopkins is hit by Nicklas Backstrom and loses puck.
18:35 of 3rd period - Slapshot by Patrick Kane.
18:35 of 3rd period - Stopped by Laurent Brossoit without a rebound.
18:36 of 3rd period - Pierre-Edouard Bellemare wins face-off versus Phil Kessel in Golden Knights zone.
18:49 of 3rd period - Olli Maatta is hit by Phil Kessel and loses puck.
19:02 of 3rd period - Marcus Johansson is hit by Jujhar Khaira and loses puck.
19:09 of 3rd period - Snap shot by Patrick Kane.
19:09 of 3rd period - Shot Blocked by Brendan Gallagher.
19:11 of 3rd period - Snap shot by Alexei Marchenko.
19:11 of 3rd period - Stopped by Laurent Brossoit with a rebound.
19:13 of 3rd period - Slapshot by Jujhar Khaira.
19:13 of 3rd period - Stopped by Laurent Brossoit without a rebound.
19:14 of 3rd period - Dan Bylsma call a timeout for Golden Knights.
19:14 of 3rd period - Ryan Nugent-Hopkins wins face-off versus Sergey Kalinin in Golden Knights zone.
19:25 of 3rd period - Snap shot by Patrick Kane.
19:25 of 3rd period - Stopped by Laurent Brossoit without a rebound.
19:26 of 3rd period - Sergey Kalinin wins face-off versus Ryan Nugent-Hopkins in Golden Knights zone.
19:27 of 3rd period - Slapshot by Patrick Kane.
19:27 of 3rd period - Stopped by Laurent Brossoit without a rebound.
19:28 of 3rd period - Ryan Nugent-Hopkins wins face-off versus Sergey Kalinin in Golden Knights zone.
19:39 of 3rd period - Golden Knights, Laurent Brossoit is pulled from the net.
Goals for this period are 0 for Golden Knights vs 1 for Capitals.
Shots for this period are 5 for Golden Knights vs 11 for Capitals.